 Dungeon Crawl Stone Soup version 0.30-a0-459-g9104f0fc43 (webtiles) character file.

Game seed: 7285148401868259226

2007 Catwell the Chopper (level 9, -9/71 HPs)
             Began as a Demonspawn Berserker on Dec 15, 2022.
             Was a Priest of Trog.
             Mangled by a gnoll
             ... wielding a +0 halberd
             ... led by a gnoll bouda
              (10 damage)
             ... on level 7 of the Dungeon.
             The game lasted 00:56:27 (5993 turns).

Catwell the Chopper (Demonspawn Berserker)          Turns: 5993, Time: 00:56:27

Health: -9/71      AC:  8    Str: 24    XL:     9   Next: 2%
Magic:  9/9        EV: 13    Int:  8    God:    Trog [***...]
Gold:   258        SH:  0    Dex: 15    Spells: 8/8 levels left

rFire   . . .      SeeInvis .    a - +2 hand axe (vorpal)
rCold   . . .      Faith    .    (no shield)
rNeg    . . .      Spirit   .    t - +1 leather armour
rPois   .          Reflect  .    (no helmet)
rElec   .          Harm     .    w - +0 cloak
rCorr   .          Rampage  .    (no gloves)
Will    ++...                    (no boots)
Stlth   +.........               (no amulet)
HPRegen 1.31/turn                (no ring)
MPRegen 0.22/turn                (no ring)

@: strong-willed, regenerating, very slow
A: claws 2, molten scales 2, magic regeneration, thin skeletal structure 1,
screaming 1, strong 1
a: Renounce Religion, Berserk, Trog's Hand


You were on level 7 of the Dungeon.
You worshipped Trog.
Trog was most pleased with you.
You visited 1 branch of the dungeon, and saw 7 of its levels.

You collected 258 gold pieces.

Inventory:

Hand Weapons
 a - a +2 vorpal hand axe (weapon)
 u - a +0 hand axe
Missiles
 x - a throwing net (quivered)
Armour
 t - a +1 leather armour (worn)
 w - a +0 cloak (worn)
Jewellery
 e - an amulet of magic regeneration
 j - a ring of fire
 z - a ring of protection from cold
Wands
 n - a wand of flame (9)
 v - a wand of roots (4)
 A - a wand of light (8)
Scrolls
 g - 3 scrolls of silence
 h - a scroll of noise
 i - 3 scrolls of enchant armour
 m - 2 scrolls of identify
 q - 2 scrolls of teleportation
 s - a scroll of blinking
 y - a scroll of fear {unknown}
 B - a scroll of amnesia {unknown}
 C - 2 scrolls of vulnerability
Potions
 b - 2 potions of might {unknown}
 c - a potion of magic {unknown}
 d - 2 potions of mutation
 f - 2 potions of degeneration {unknown}
 k - a potion of curing {unknown}
 l - a potion of flight {unknown}
 o - a potion of cancellation {unknown}
 p - a potion of berserk rage {unknown}
 r - a potion of attraction {unknown}


   Skills:
 * Level 6.7 Fighting
 * Level 7.3 Axes
 + Level 3.9 Armour
 + Level 4.7 Dodging
 - Level 1.1 Stealth
 - Level 2.0 Unarmed Combat


You had 8 spell levels left.
You didn't know any spells.
Your spell library was empty.

Dungeon Overview and Level Annotations

Branches:
Dungeon (7/15)
 Temple: D:4-7

Altars:
Fedhas
Gozag

Shops:
D:1 [*

Portals:
Bailey: D:7


Innate Abilities, Weirdness & Mutations

You have very sharp fingernails.
You are mostly covered in molten scales. (AC +3)
You regenerate magic rapidly.
You have a somewhat thin skeletal structure. (Dex +2, Stealth+)
You occasionally shout uncontrollably at your foes.
Your muscles are strong. (Str +4, Int/Dex -1)


Message History

Your unstable footing causes you to fumble your attack.
The gnoll hits you from afar with a +0 halberd!
* * * LOW HITPOINT WARNING * * *
The gnoll barely misses you. The orc misses you.
Your unstable footing causes you to fumble your attack.
The gnoll is no longer moving quickly.
The gnoll hits you from afar with a +0 halberd.
* * * LOW HITPOINT WARNING * * *
The gnoll splashes around in the water.
Your unstable footing causes you to fumble your attack.
The orc hits you but does no damage. The gnoll barely misses you.
The gnoll misses you.
The orc throws a boomerang.
The boomerang hits you but does no damage.
The gnoll splashes around in the water.
You closely miss the orc.
The gnoll hits you from afar with a +0 spear!
* * * LOW HITPOINT WARNING * * *
Your skin crawls.
You feel strong-willed. The orc hits you but does no damage.
The gnoll hits you from afar with a +0 spear.
* * * LOW HITPOINT WARNING * * *
The gnoll splashes around in the water.
You hit the orc. Your claw misses the orc.
The orc is heavily wounded.
The orc misses you.
The gnoll splashes around in the water. x2
You slash the orc!
You kill the orc!
Trog accepts your kill.
You hear a splash. x2
The gnoll splashes around in the water.
The gnoll barely misses you. The gnoll hits you with a +0 spear.
* * * LOW HITPOINT WARNING * * *
The gnoll barely misses you. The gnoll hits you with a +0 spear.
* * * LOW HITPOINT WARNING * * *
The gnoll barely misses you.
Items here: ( ))))))) ? [[ ††††.
The gnoll attacks as you move away! The gnoll hits you with a +0 halberd!
You die...

#.~########.#
#.~.........#
#.~##########
#.~# #.~#
#.~# ##~# #~#
#@# ~~~~~~gg#
.#.##...#
....## ####.
#. .. ##


You could see 2 gnolls.

Vanquished Creatures
  Grinder (D:3)
  Eustachio (D:6)
  A sky beast (D:6)
  A black bear (D:4)
  An ogre (D:5)
  2 centaurs
  2 phantoms
  2 necrophages (D:6)
  3 scorpions
  A howler monkey (D:6)
  A gnoll bouda (D:7)
  3 hounds
  The ghost of Shimatora the Scratcher, a weakling FeWr (D:5)
  2 jellies
  2 orc priests (D:4)
  3 iguanas
  4 orc wizards
  Robin (D:3)
  13 gnolls
  5 adders
  2 shadow imps
  5 worms
  21 orcs
  4 ball pythons
  3 bats
  5 endoplasms
  5 giant cockroaches
  16 goblins
  11 hobgoblins
  5 jackals
  3 kobolds
  5 quokkas
  3 frilled lizards (D:2)
  9 rats
147 creatures vanquished.

Vanquished Creatures (others)
  4 plants (D:2)
4 creatures vanquished.

Grand Total: 151 creatures vanquished

Notes
Turn   | Place    | Note
-------+----------+-------------------------------------------
     0 | D:1      | Catwell the Demonspawn Berserker began the quest for the
                  | Orb.
     0 | D:1      | Reached XP level 1. HP: 18/18 MP: 1/1
   433 | D:1      | Reached skill level 3 in Axes
   433 | D:1      | Gained mutation: You regenerate magic rapidly. [demonic
                  | ancestry]
   433 | D:1      | Reached XP level 2. HP: 24/24 MP: 2/2
   462 | D:1      | Found Hoophoth's Assorted Antiques.
   554 | D:1      | Found Ahuptaimp's Antique Armour Emporium.
   768 | D:1      | Gained mutation: You have sharp fingernails. [demonic
                  | ancestry]
   768 | D:1      | Reached XP level 3. HP: 21/29 MP: 3/3
   942 | D:2      | Reached ** piety under Trog
  1252 | D:2      | Reached XP level 4. HP: 19/35 MP: 4/4
  1750 | D:3      | Noticed Grinder
  1766 | D:3      | HP: 2/52 [Grinder (8)]
  1767 | D:3      | Killed Grinder
  1768 | D:3      | Reached skill level 4 in Axes
  1768 | D:3      | Reached skill level 1 in Unarmed Combat
  1768 | D:3      | Reached XP level 5. HP: 4/42 MP: 5/5
  1768 | D:3      | Gained mutation: You are partially covered in molten
                  | scales. (AC +2) [demonic ancestry]
  1768 | D:3      | Reached XP level 6. HP: 5/48 MP: 6/6
  1900 | D:3      | Noticed Robin
  1926 | D:3      | Killed Robin
  1927 | D:3      | Reached skill level 1 in Stealth
  2208 | D:4      | Reached skill level 5 in Axes
  2451 | D:4      | Gained mutation: You are mostly covered in molten scales.
                  | (AC +3) [demonic ancestry]
  2451 | D:4      | Reached XP level 7. HP: 4/54 MP: 7/7
  3173 | D:4      | Reached *** piety under Trog
  3214 | D:5      | Entered Level 5 of the Dungeon
  3528 | D:5      | Reached skill level 5 in Fighting
  3528 | D:5      | Reached skill level 6 in Axes
  3535 | D:5      | Found a runed translucent door.
  3539 | D:5      | Noticed Shimatora's ghost (weakling FeWr)
  3603 | D:5      | Killed Shimatora's ghost
  3881 | D:5      | Gained mutation: You have very sharp fingernails. [demonic
                  | ancestry]
  3881 | D:5      | Reached XP level 8. HP: 52/62 MP: 8/8
  4135 | D:5      | Found an opulent altar of Gozag.
  4732 | D:6      | Found a blossoming altar of Fedhas.
  5383 | D:6      | Noticed Eustachio
  5422 | D:6      | Killed Eustachio
  5423 | D:6      | Reached skill level 7 in Axes
  5673 | D:7      | Found a flagged portal.
  5888 | D:7      | Gained mutation: You occasionally shout uncontrollably at
                  | your foes. [potion of mutation]
  5888 | D:7      | Gained mutation: Your muscles are strong. (Str +4, Int/Dex
                  | -1) [potion of mutation]
  5888 | D:7      | Gained mutation: You have a somewhat thin skeletal
                  | structure. (Dex +2, Stealth+) [potion of mutation]
  5971 | D:7      | Reached XP level 9. HP: 40/71 MP: 9/9
  5992 | D:7      | HP: 1/71 [gnoll/+0 spear[a gnoll bouda] (3)]
  5993 | D:7      | Mangled by a gnoll

Illustrated notes

Levels and vault maps discovered:
D:1:      minmay_arrival_plants_in_alcoves, layout_loops_cross, serial_shops,
          shop, nicolae_shop_statue_plus, minmay_crystal_room
D:2:      layout_loops_ring, hellmonk_ecumenical_altar_leap_of_faith,
          serial_bayou_ford_a
D:3:      layout_basic, portal_sewer_entry_e, uniq_robin, uniq_grinder,
          uniq_crazy_yiuf_cottage
D:4:      layout_loops_ring
D:5:      layout_loops_ring, kennysheep_little_box,
          ebering_ghost_reflecting_pool, kennysheep_cross_room,
          nicolae_concentric_dashed_squares_wild
D:6:      layout_basic, mainiacjoe_overflow_boulevard, corexii_checkpoint_a,
          uniq_eustachio
D:7:      layout_loops_ring, trog_three_pillars_becter,
          minmay_temple_entry_crystal_x, lightli_bailey_entry_fortress,
          chequers_serial_rivers_micro_d, dk_noncrumbling_4, uniq_duvessa

Skill      XL: |  1  2  3  4  5  6  7  8 |
---------------+-------------------------+-----
Axes           | 3 4 5 6 7 |  7.3
Dodging        | 2 3 4 |  4.7
Unarmed Combat | 1 2 |  2.0
Stealth        | 1 |  1.1
Fighting       | 4 5 6 |  6.7
Armour         | 2 3 |  3.9

Action                   |  1- 3 |  4- 6 |  7- 9 || total
-------------------------+-------+-------+-------++-------
Melee: Hand axe          |   119 |   140 |   467 ||   726
       Punch             |     2 |       |    10 ||    12
       Unarmed           |    64 |       |       ||    64
Invok: Berserk           |       |     3 |     5 ||     8
       Trog's Hand       |       |     1 |     3 ||     4
  Use: Scroll            |       |     1 |     9 ||    10
       Potion            |       |       |     1 ||     1
 Stab: Sleeping          |       |     1 |     2 ||     3
Armor: Animal skin       |    32 |    26 |     8 ||    66
       Leather armour    |       |       |   122 ||   122
Dodge: Dodged            |   114 |    82 |   278 ||   474

Table legend: (Time is in decaauts)
 A = Elapsed time spent in this place.
 B = Non-inter-level travel time spent in this place.
 C = Inter-level travel time spent in this place.
 D = Time resting spent in this place.
 E = Time spent auto-exploring this place.
 F = Levels seen in this place.
 G = Mean time per level.
                   A        B        C        D        E       F      G
               +--------+--------+--------+--------+--------+-----+--------+
         Total |   6098 |   3289 |   2809 |   1480 |    129 |   7 |  871.1 |
       Dungeon |   6098 |   3289 |   2809 |   1480 |    129 |   7 |  871.1 |
               +--------+--------+--------+--------+--------+-----+--------+

Top non-repeatable levels by time:
     D:5: 1276 daAuts
     D:4: 1135 daAuts
     D:6: 1015 daAuts
     D:1: 834 daAuts
     D:2: 671 daAuts
     D:3: 633 daAuts
     D:7: 530 daAuts
